 Dungeon Crawl Stone Soup version 0.29.1-15-g9cfb28693d (webtiles) character file.

Game seed: 5480639853424818859

219 croobank the Conjurer (level 5, -1/38 HPs)
             Began as a Demonspawn Conjurer on Feb 28, 2023.
             Slain by Menkaure (21 damage)
             ... on level 4 of the Dungeon.
             The game lasted 00:07:54 (4860 turns).

croobank the Conjurer (Demonspawn Conjurer)         Turns: 4860, Time: 00:07:55

Health: -1/38      AC:  3    Str:  7    XL:     5   Next: 63%
Magic:  9/9        EV: 12    Int: 27    God:
Gold:   241        SH:  0    Dex: 12    Spells: 0/9 levels left

rFire   . . .      SeeInvis .   D - +9 long sword of Dismemberment {drain, Will+}
rCold   . . .      Faith    .   (no shield)
rNeg    . . .      Spirit   .   c - +0 robe
rPois   .          Reflect  .   (no helmet)
rElec   .          Harm     .   (no cloak)
rCorr   .          Rampage  .   (no gloves)
Will    +....                   p - +0 pair of boots
Stlth   ++........              (no amulet)
HPRegen 0.12/turn               j - +6 ring of intelligence
MPRegen 0.11/turn               (no ring)

@: no status effects
A: hooves 1, ignite blood 1
a: no special abilities


You were on level 4 of the Dungeon.
You visited 1 branch of the dungeon, and saw 4 of its levels.

You collected 241 gold pieces.

Inventory:

Hand Weapons
 a - a +3 whip of draining
 b - a +0 sling
 d - a +0 short sword of electrocution
 u - a +3 morningstar of flaming
 D - the +9 long sword of Dismemberment (weapon) {drain, Will+}
   (You found it on level 4 of the Dungeon)

   A truly terrible weapon, it drains the life of any living foe it strikes.
   Will:      It increases your willpower.
Missiles
 h - 12 boomerangs
 B - 3 poisoned darts
Armour
 c - a +0 robe (worn)
 p - a +0 pair of boots (worn)
Jewellery
 j - a +6 ring of intelligence (left hand)
 H - a +6 ring of strength
Wands
 f - a wand of acid (8)
 z - a wand of polymorph (9)
 I - a wand of flame (24)
Scrolls
 e - 3 scrolls of identify {unknown}
 i - 4 scrolls of vulnerability {unknown}
 k - a scroll of enchant armour {unknown}
 l - 2 scrolls of teleportation {unknown}
 m - a scroll of poison {unknown}
 n - a scroll of torment {unknown}
 o - a scroll of fear {unknown}
 q - a scroll of blinking {unknown}
 w - a scroll of butterflies {unknown}
 y - a scroll of brand weapon {unknown}
 E - a scroll of immolation {unknown}
 G - a scroll of enchant weapon {unknown}
Potions
 g - a potion of magic
 r - 2 potions of heal wounds {unknown}
 s - a potion of might {unknown}
 t - a potion of cancellation {unknown}
 v - 3 potions of ambrosia {unknown}
 x - 2 potions of lignification {unknown}
 A - a potion of degeneration {unknown}
 C - 2 potions of curing {unknown}
 F - a potion of brilliance {unknown}


   Skills:
 - Level 1.9 Fighting
 + Level 0.9 Long Blades
 - Level 1.3 Maces & Flails
 - Level 2.6 Dodging
 - Level 2.7 Stealth
 - Level 2.9 Spellcasting
 - Level 4.7 Conjurations


You couldn't memorise any spells.
You knew the following spells:

 Your Spells              Type           Power      Damage    Failure   Level
a - Magic Dart            Conj           100%       1d8       1%          1
b - Searing Ray           Conj           58%        2d6       1%          2
c - Dazzling Flash        Conj/Hex       32%        N/A       11%         3
d - Ozocubu's Armour      Ice            3%         N/A       26%         3

Your spell library contained the following spells:

 Spells                   Type           Power      Damage    Failure   Level
 Fulminant Prism          Conj/Hex       8%         3d7       34%         4
 Iskenderun's Mystic Bla  Conj/Tloc      16%        2d5       34%         4
 Metabolic Englaciation   Hex/Ice        1%         N/A       94%         5
 Simulacrum               Ice/Necr       1%         N/A       100%        6


Dungeon Overview and Level Annotations

Branches:
Dungeon (4/15)
 Temple: D:4-7

Altars:
Sif Muna
Uskayaw

Annotations:
D:3 Grinder
D:4 Menkaure


Innate Abilities, Weirdness & Mutations

You have large cloven feet.
Your demonic aura sometimes causes spilled blood to erupt in flames.


Message History

Robin closely misses you.
You slash Robin!
You kill Robin!
F - a viscous inky potion
Things that are here:
a +0 sling; a +0 animal skin; a +0 helmet
G - a scroll labelled QUMPAMUMUQ You now have 198 gold pieces (gained 12).
You see here a +0 club.
You see here a +0 dagger.
C - 2 grey potions (gained 1)
You see here a +0 club.
Items here: ( ) รทรท.
H - a +6 ring of strength You now have 209 gold pieces (gained 11).
Things that are here:
a +0 club; a goblin skeleton
Found 5 stones.
Found a stone staircase leading up.
I - a wand of flame (24)
There is a stone staircase leading up here.
You now have 225 gold pieces (gained 16).
You now have 241 gold pieces (gained 16).
Found a stone staircase leading down.
Menkaure, Prince of Dust comes into view.
Found 13 gold pieces.
Menkaure shouts!
You hear a shout! x2
Found a stone staircase leading down.
A kobold comes into view.
It is wielding a +1 dagger of protection.
Menkaure mumbles some strange words.
Menkaure seems to speed up.
You hit Menkaure.
Menkaure is moderately damaged.
Menkaure calls on the powers of darkness!
Your body is wracked with pain!
Menkaure closely misses you.
You barely miss Menkaure.
Menkaure is moderately damaged.
Menkaure hits you!!
Ouch! That really hurt!
You die...

.. #.# #..> # ###... ##.
......### ###.. ......K.#
...# ......M>###
######.#####
#..@..###...........
#......#..####......
##.......# ###......
###......####........
...$.................... .
..###.....#.....####### ..
#.###...........# ###
...#............#### #..
.............##....#####.#


You could see Menkaure (fast) and a kobold.

Vanquished Creatures
  A hound (D:3)
  Robin (D:4)
  4 gnolls (D:2)
  2 adders
  2 worms (D:3)
  2 dart slugs
  5 orcs (D:3)
  6 ball pythons
  8 endoplasms
  4 giant cockroaches
  25 goblins
  9 hobgoblins
  4 jackals (D:2)
  4 quokkas
  7 bats
  4 frilled lizards
  7 kobolds
  6 rats
101 creatures vanquished.

Notes
Turn   | Place    | Note
-------+----------+-------------------------------------------
     0 | D:1      | croobank the Demonspawn Conjurer began the quest for the
                  | Orb.
     0 | D:1      | Reached XP level 1. HP: 13/13 MP: 3/3
   300 | D:1      | Gained mutation: Your demonic aura sometimes causes spilled
                  | blood to erupt in flames. [demonic ancestry]
   300 | D:1      | Reached XP level 2. HP: 12/20 MP: 5/5
   303 | D:1      | Learned a level 2 spell: Searing Ray
   775 | D:1      | Found a faded altar of an unknown god.
  1023 | D:1      | Reached skill level 1 in Fighting
  1233 | D:1      | Discovered your monstrous ancestry.
  1233 | D:1      | Gained mutation: You have large cloven feet. [demonic
                  | ancestry]
  1233 | D:1      | Reached XP level 3. HP: 26/26 MP: 6/6
  1237 | D:1      | Learned a level 3 spell: Dazzling Flash
  1511 | D:2      | Found a shimmering blue altar of Sif Muna.
  2005 | D:2      | Reached XP level 4. HP: 32/32 MP: 1/7
  2615 | D:2      | Reached skill level 1 in Maces & Flails
  3347 | D:3      | Reached XP level 5. HP: 38/38 MP: 7/9
  3535 | D:3      | Found a hide-covered altar of Uskayaw.
  3619 | D:3      | Noticed Grinder
  4370 | D:3      | Learned a level 3 spell: Ozocubu's Armour
  4401 | D:4      | Identified the +9 long sword of Dismemberment {drain,
                  | Will+}
  4537 | D:4      | Noticed Robin
  4766 | D:4      | Killed Robin
  4854 | D:4      | Noticed Menkaure
  4860 | D:4      | Slain by Menkaure

Illustrated notes

Levels and vault maps discovered:
D:1:      evilmike_arrival_plus, layout_loops_ring,
          nicolae_ecumenical_lake_church
D:2:      minmay_general_purpose_star, layout_loops_ring, basic_altar,
          grunt_ministairs_10
D:3:      layout_basic, lemuel_coloured_pillars_altar, minmay_goblin_outpost,
          uniq_grinder
D:4:      layout_rooms, minmay_temple_entry_offerings, uniq_robin,
          uniq_menkaure, uniq_blork_the_orc

Skill      XL: |  1  2  3  4 |
---------------+-------------+-----
Stealth        | 2 |  2.7
Dodging        | 2 |  2.6
Fighting       | 1 |  1.9
Maces & Flails | 1 |  1.3
Long Blades    | |  0.9
Spellcasting   | |  2.9
Conjurations   | |  4.7

Action                   |  1- 3 |  4- 6 || total
-------------------------+-------+-------++-------
Melee: Whip              |    71 |     9 ||    80
       Kick              |     1 |       ||     1
       Morningstar       |       |    58 ||    58
       Long sword        |       |    15 ||    15
       Punch             |       |     1 ||     1
 Cast: Magic Dart        |    11 |    18 ||    29
       Searing Ray       |     6 |     8 ||    14
  Use: Potion            |       |     1 ||     1
 Stab: Sleeping          |     4 |     1 ||     5
Armor: Robe              |    15 |    24 ||    39
Dodge: Dodged            |    47 |    84 ||   131
